cohdb
Replays
Latest Replays
All Replays
Popular Replays
Top Player Replays
Match Explorer
How It Works
Community
CoH3 Stats
Reddit
Sign in to upload your games and track your stats! →
Sign in with Steam
Match 45183249
Unlisted
Match 45183249
Overview
Messages
Build Orders
End
Scout Squad
Construct Barracks
Selects Armored Battlegroup
Selects Veteran Crews
1⁄4-ton 4x4 Truck
Engineer Squad
Riflemen Squad
Riflemen Squad
Riflemen Squad
Construct Medical Station
Grenade Package
Selects Fast Deploy
Infantry Support Center
Construct Motor Pool
M8 Greyhound Armored Car
Selects Seek and Destroy
M1 Anti-tank Gun Team
Selects UNKNOWN (2160077)
Selects M31 Recovery Vehicle
M1918 Browning Automatic Rifles
Skeng.Tecnica.International
Rather Splendid Cromwell
Daniel
SpoSadiK
0
0
Comments
sign in to comment!
No comments posted yet!